 Dungeon Crawl Stone Soup version 0.17-a0-1920-gafa4d75 (webtiles) character file.

30 Armakuni the Magician (level 3, -5/27 HPs)
             Began as a Vampire Wanderer on Sept 27, 2015.
             Slain by a worm (10 damage)
             ... on level 2 of the Dungeon.
             The game lasted 00:05:22 (1371 turns).

Armakuni the Magician (Vampire Wanderer)            Turns: 1371, Time: 00:05:22

Health: -5/27      AC:  2    Str: 13    XL:     3   Next: 3%
Magic:  8/8        EV: 11    Int: 14    God:
Gold:   51         SH:  0    Dex: 12    Spells: 1 memorised, 9 levels left

rFire  . . .     SeeInvis +       - Unarmed
rCold  . . .     Clarity  .     d - +0 robe
rNeg   . . .     SustAt   .     (no shield)
rPois  .         Gourm    .     (no helmet)
rElec  .         Spirit   .     (no cloak)
rCorr  .         Warding  .     (no gloves)
rMut   .         Stasis   .     (no boots)
MR     .....                    (no amulet)
Stlth  ..........               W - ring of wizardry
                                j - ring of loudness (curse)

@: very slightly contaminated, regenerating quickly, invisible, not resistant to
hostile enchantments, extremely unstealthy
A: fangs 3, see invisible, unbreathing
a: no special abilities


You were on level 2 of the Dungeon.
You were full.

You visited 1 branch of the dungeon, and saw 2 of its levels.

You collected 51 gold pieces.

Inventory:

Missiles
 a - 5 tomahawks (quivered)
Armour
 d - a +0 robe (worn)
Jewellery
 j - a cursed ring of loudness (left hand)
 W - a ring of wizardry (right hand)
Scrolls
 i - a scroll of immolation
 k - 2 scrolls of amnesia
Potions
 e - a potion of might {unknown}
 f - 2 potions of blood
 l - a potion of heal wounds {unknown}
 m - a potion of agility {unknown}
Books
 b - the Tome of Calling

   Spells                             Type                      Level
   a - Summon Small Mammal            Summoning                    1
   b - Call Canine Familiar           Summoning                    3
 c - the Compendium of Changing

   Spells                             Type                      Level
   a - Beastly Appendage              Transmutation                1
   b - Sticks to Snakes               Transmutation                2


   Skills:
 + Level 1.9 Fighting
 - Level 1.5 Armour
 + Level 0.9 Dodging
   Level 1.0 Shields
 + Level 1.8 Unarmed Combat
 - Level 4.0 Spellcasting
   Level 1.0 Ice Magic
   Level 1.0 Evocations


You had 9 spell levels left.
You knew the following spells:

 Your Spells              Type           Power        Failure   Level  Hunger
z - Beastly Appendage     Trmt           #.....       9%          1    None


Dungeon Overview and Level Annotations

Branches:
Dungeon (2/15)

Altars:
Xom
Zin


Innate Abilities, Weirdness & Mutations

Your natural rate of healing is unusually fast.
You have razor-sharp teeth.
You have supernaturally acute eyesight.
You can survive without breathing.


Message History

The worm is moderately wounded.
The worm bites you!
* * * LOW HITPOINT WARNING * * *
You are too injured to fight recklessly!
You are too injured to fight recklessly!
You are too injured to fight recklessly!
You barely miss the worm.
The worm is lightly wounded.
The worm barely misses you.
You hit the worm.
The worm is moderately wounded.
You barely miss the worm.
The worm is moderately wounded.
The worm misses you.
You hit the worm.
The worm is heavily wounded.
You hit the worm. You bite the worm.
The worm is severely wounded.
The worm bites you!
You die...

######## #......# #......###
#...@....######## ###
#####w...#......# #..
#....#......# #..
#############....#......###..
#..........##....#......##...
+.........w.'...........##...
#..(.(.....##....#..######...
#############....##.#........
#....##.#.#######


You could see a worm.

Vanquished Creatures
  A worm (D:2)
  An orc (D:2)
  A ball python (D:2)
  A giant cockroach (D:1)
  4 goblins
  A hobgoblin (D:1)
  A quokka (D:2)
  7 bats
  4 giant newts
  3 kobolds (D:1)
  3 rats
27 creatures vanquished.

Notes
Turn   | Place    | Note
--------------------------------------------------------------
     0 | D:1      | Armakuni the Vampire Wanderer began the quest for the Orb.
     0 | D:1      | Armakuni set off with: a +0 shield, the Tome of Calling, the Compendium of Changing, a +0 robe, a +0 club, a potion of blood, a !bad item (cl:100,ty:0,pl:0,pl2:0,sp:0,qu:0), a !bad item (cl:100,ty:0,pl:0,pl2:0,sp:0,qu:0), a !bad item (cl:100,ty:0,pl:0,pl2:0,sp:0,qu:0), a !bad item (cl:100,ty:0,pl:0,pl2:0,sp:0,qu:0), a !bad item (cl:100,ty:0,pl:0,pl2:0,sp:0,qu:0), a !bad item (cl:100,ty:0,pl:0,pl2:0,sp:0,qu:0), a !bad item (cl:100,ty:0,pl:0,pl2:0,sp:0,qu:0), a !bad item (cl:100,ty:0,pl:0,pl2:0,sp:0,qu:0), a !bad item (cl:100,ty:0,pl:0,pl2:0,sp:0,qu:0), a !bad item (cl:100,ty:0,pl:0,pl2:0,sp:0,qu:0), a !bad item (cl:100,ty:0,pl:0,pl2:0,sp:0,qu:0), a !bad item (cl:100,ty:0,pl:0,pl2:0,sp:0,qu:0), a !bad item (cl:100,ty:0,pl:0,pl2:0,sp:0,qu:0), a !bad item (cl:100,ty:0,pl:0,pl2:0,sp:0,qu:0), a !bad item (cl:100,ty:0,pl:0,pl2:0,sp:0,qu:0), a !bad item (cl:100,ty:0,pl:0,pl2:0,sp:0,qu:0), a !bad item (cl:100,ty:0,pl:0,pl2:0,sp:0,qu:0), a !bad item (cl:100,ty:0,pl:0,pl2:0,sp:0,qu:0), a !bad item (cl:100,ty:0,pl:0,pl2:0,sp:0,qu:0), a !bad item (cl:100,ty:0,pl:0,pl2:0,sp:0,qu:0), a !bad item (cl:100,ty:0,pl:0,pl2:0,sp:0,qu:0), a !bad item (cl:100,ty:0,pl:0,pl2:0,sp:0,qu:0), a !bad item (cl:100,ty:0,pl:0,pl2:0,sp:0,qu:0), a !bad item (cl:100,ty:0,pl:0,pl2:0,sp:0,qu:0), a !bad item (cl:100,ty:0,pl:0,pl2:0,sp:0,qu:0), a !bad item (cl:100,ty:0,pl:0,pl2:0,sp:0,qu:0), a !bad item (cl:100,ty:0,pl:0,pl2:0,sp:0,qu:0), a !bad item (cl:100,ty:0,pl:0,pl2:0,sp:0,qu:0), a !bad item (cl:100,ty:0,pl:0,pl2:0,sp:0,qu:0), a !bad item (cl:100,ty:0,pl:0,pl2:0,sp:0,qu:0), a !bad item (cl:100,ty:0,pl:0,pl2:0,sp:0,qu:0), a !bad item (cl:100,ty:0,pl:0,pl2:0,sp:0,qu:0), a !bad item (cl:100,ty:0,pl:0,pl2:0,sp:0,qu:0), a !bad item (cl:100,ty:0,pl:0,pl2:0,sp:0,qu:0), a !bad item (cl:100,ty:0,pl:0,pl2:0,sp:0,qu:0), a !bad item (cl:100,ty:0,pl:0,pl2:0,sp:0,qu:0), a !bad item (cl:100,ty:0,pl:0,pl2:0,sp:0,qu:0), a !bad item (cl:100,ty:0,pl:0,pl2:0,sp:0,qu:0), a !bad item (cl:100,ty:0,pl:0,pl2:0,sp:0,qu:0), a !bad item (cl:100,ty:0,pl:0,pl2:0,sp:0,qu:0), a !bad item (cl:100,ty:0,pl:0,pl2:0,sp:0,qu:0), a !bad item (cl:100,ty:0,pl:0,pl2:0,sp:0,qu:0), a !bad item (cl:100,ty:0,pl:0,pl2:0,sp:0,qu:0), a !bad item (cl:100,ty:0,pl:0,pl2:0,sp:0,qu:0), a !bad item (cl:100,ty:0,pl:0,pl2:0,sp:0,qu:0), a !bad item (cl:100,ty:0,pl:0,pl2:0,sp:0,qu:0)
     0 | D:1      | Reached XP level 1. HP: 15/15 MP: 5/5
     0 | D:1      | Identified the Tome of Calling
     0 | D:1      | Identified the Compendium of Changing
    73 | D:1      | Reached skill level 1 in Unarmed Combat
   184 | D:1      | Learned a level 1 spell: Beastly Appendage
   284 | D:1      | Reached XP level 2. HP: 21/21 MP: 7/7
  1230 | D:2      | Noticed an angel
  1231 | D:2      | Found a glowing silver altar of Zin.
  1231 | D:2      | Found a shimmering altar of Xom.
  1360 | D:2      | Reached XP level 3. HP: 9/27 MP: 8/8
  1371 | D:2      | Slain by a worm

Vault maps used:
D:1:      dpeg_arrival_erosion, serial_glass, glass_columns_b, glass_columns_a
D:2:      grunt_temple_overflow_order_and_chaos_1,
          nicolae_overflow_crystal_walls, kennysheep_generic_room_12

Action                   || total
-------------------------++-------
Melee: Club              ||    19
       Unarmed           ||    89
Throw: Tomahawk          ||    15
 Cast: Beastly Appendage ||     2
  Use: Potion            ||     9
       Scroll            ||     4
